 Dungeon Crawl Stone Soup version 0.30-a0-1160-g6e42c06551 (webtiles) character file.

Game seed: 10941423633322851391

842 Ahpoh the Slasher (level 8, -1/49 HPs)
             Began as a Gargoyle Berserker on Apr 25, 2023.
             Was a Believer of Trog.
             Slain by Maggie
             ... wielding a +3 war axe of flaming
              (7 damage)
             ... on level 6 of the Dungeon.
             The game lasted 00:15:29 (5151 turns).

Ahpoh the Slasher (Gargoyle Berserker)              Turns: 5151, Time: 00:15:30

Health: -1/49      AC: 11    Str: 28      XL:     8   Next: 0%
Magic:  8/8        EV: 11    Int:  7      God:    Trog [**....]
Gold:   297        SH:  0    Dex:  8 (11) Spells: 7/7 levels left

rFire   . . .        a - +0 falchion
rCold   . . .        (no shield)
rNeg    + . .        h - +0 ring mail
rPois   ∞            (no helmet)
rElec   +            (no cloak)
rCorr   .            (no gloves)
SInv    +            (no boots)
Will    .....        (no amulet)
Stlth   +            d - ring of see invisible
HPRegen 0.28/turn    i - +6 ring of strength
MPRegen 0.11/turn

%: no passive effects
@: mighty, on berserk cooldown, hasted and slowed
A: sickness immunity, AC +5, negative energy resistance 1, electricity
resistance, torment resistance 1, petrification resistance
a: Renounce Religion, Berserk, Trog's Hand


You were on level 6 of the Dungeon.
You worshipped Trog.
Trog was pleased with you.
You visited 1 branch of the dungeon, and saw 6 of its levels.
You also visited: Sewer.

You collected 297 gold pieces.

Inventory:

Hand Weapons
 a - a +0 falchion (weapon)
Missiles
 u - 7 poisoned darts (quivered)
Armour
 h - a +0 ring mail (worn)
Jewellery
 d - a ring of see invisible (left hand)
 i - a +6 ring of strength (right hand)
 o - a +6 ring of intelligence
 t - a +6 ring of strength
 y - an amulet of magic regeneration
 z - a +6 ring of dexterity
Scrolls
 b - 2 scrolls of poison {unknown}
 c - 2 scrolls of immolation {unknown}
 j - 2 scrolls of summoning {unknown}
 l - a scroll of fog
 n - a scroll of teleportation
 q - 2 scrolls of fear {unknown}
 s - 2 scrolls of vulnerability {unknown}
 x - a scroll of noise
 A - a scroll of enchant armour
Potions
 e - a potion of lignification
 g - 3 potions of curing
 m - 3 potions of flight
 p - 3 potions of mutation {unknown}
 r - 3 potions of attraction {unknown}
 v - a potion of brilliance {unknown}


   Skills:
 + Level 5.0 Fighting
 + Level 5.8 Long Blades
 + Level 4.9 Armour
 + Level 3.2 Dodging
 + Level 1.1 Stealth


You had 7 spell levels left.
You didn't know any spells.
Your spell library was empty.

Dungeon Overview and Level Annotations

Branches:
Dungeon (6/15)             Temple (0/1) D:5           Sewer (visited)

Altars:
Makhleb
Vehumet

Annotations:
D:5 crux's ghost, novice OpTm
D:6 Maggie; Pikel


Innate Abilities, Weirdness & Mutations

You are immune to sickness and miasma.
Your stone body is resilient. (AC +5)
You are immune to poison.
You resist negative energy. (rN+)
You are resistant to electric shocks. (rElec)
You are resistant to unholy torment.
You are immune to petrification.


Message History

The lemure hits you but does no damage. The shadow imp hits you.
The lemure hits you but does no damage. The shadow imp hits you.
Pikel misses you. The lemure hits you but does no damage. The lemure hits you.
The lemure attacks as you move away! The lemure hits you but does no damage.
Pikel attacks as you move away!
Pikel splashes around in the water.
Pikel says, "You'll make a fine lemure."
Pikel hits you with a +1 whip of freezing.
* * * LOW HITPOINT WARNING * * *
Pikel freezes you.
* * * LOW HITPOINT WARNING * * *
The lemure splashes around in the water.
You feel yourself speed up. The lemure hits you.
* * * LOW HITPOINT WARNING * * *
Pikel hits you but does no damage. The lemure hits you.
* * * LOW HITPOINT WARNING * * *
You feel better. The lemure hits you but does no damage.
Pikel splashes around in the water.
The lemure splashes around in the water.
A scorpion comes into view.
The lemure hits you but does no damage. The lemure attacks as you move away!
The lemure hits you. The lemure attacks as you move away!
The lemure hits you but does no damage.
You feel better. The lemure hits you but does no damage.
As you read the scroll of teleportation, it crumbles to dust.
You feel strangely unstable. The lemure barely misses you.
The lemure attacks as you move away! The lemure hits you.
Your surroundings suddenly seem different.
Maggie the Vainglorious comes into view.
She is wielding a +3 war axe of flaming.
Found 24 gold pieces.
Found a stone staircase leading up and a stone staircase leading down.
Maggie shouts!
Hit: a) +0 falchion
Press: ? - help, Dir - move target, f - Maggie
Aim: Maggie, wielding a +3 war axe of flaming and wearing +0 acid dragon scales (about 41% to evade your +0 falchion)
You hit Maggie.
Maggie is lightly wounded.
Maggie hits you with a +3 war axe of flaming!
* * * LOW HITPOINT WARNING * * *
Maggie burns you!
You die...

....... .### .
..>....#... .#.
.........##..
#.........$
###........#
.....<.....###
.............#
#..@@.# #$....#
#.....# ...#####
...# ########.....
......#............#
............$......
###................
.###..............#
..


You could see Maggie.

Vanquished Creatures
  Sigmund (D:5)
  A black bear (D:5)
  An ogre (D:5)
  2 scorpions
  A crimson imp (D:4)
  A jelly (D:6)
  2 quasits (D:5)
  2 hounds
  2 iguanas
  An orc wizard (D:5)
  2 adders (Sewer)
  A river rat (Sewer)
  2 worms
  A dart slug (D:4)
  7 orcs
  4 bats
  5 endoplasms
  4 giant cockroaches
  11 goblins
  3 hobgoblins
  3 jackals
  8 kobolds
  2 quokkas (D:4)
  9 ball pythons
  3 frilled lizards
  7 rats
86 creatures vanquished.

Notes
Turn   | Place    | Note
-------+----------+-------------------------------------------
     0 | D:1      | Ahpoh the Gargoyle Berserker began the quest for the Orb.
     0 | D:1      | Reached XP level 1. HP: 14/14 MP: 1/1
   533 | D:1      | Reached XP level 2. HP: 15/19 MP: 2/2
  1142 | D:2      | Reached XP level 3. HP: 22/24 MP: 3/3
  1226 | D:2      | Reached ** piety under Trog
  2866 | D:4      | Reached XP level 4. HP: 25/29 MP: 4/4
  2919 | D:4      | Found a radiant altar of Vehumet.
  2919 | D:4      | Found a burning altar of Makhleb.
  3059 | D:4      | Identified the +10 long sword of the Shrinking Sybil {pain,
                  | rF- MP+9 Dex+3}
  3077 | D:4      | Reached XP level 5. HP: 19/33 MP: 5/5
  3710 | D:4      | Reached XP level 6. HP: 36/38 MP: 6/6
  3905 | D:5      | Entered Level 5 of the Dungeon
  4007 | D:5      | Found a transporter.
  4025 | D:5      | Noticed Sigmund
  4038 | D:5      | Killed Sigmund
  4039 | D:5      | Reached skill level 5 in Long Blades
  4039 | D:5      | Reached XP level 7. HP: 44/44 MP: 7/7
  4068 | D:5      | Found a transporter.
  4072 | D:5      | Noticed crux's ghost (novice OpTm)
  4254 | D:5      | Reached skill level 1 in Stealth
  4416 | D:5      | Found a staircase to the Ecumenical Temple.
  4705 | D:5      | Reached skill level 5 in Fighting
  4931 | D:6      | Found a glowing drain.
  4936 | D:6      | Noticed Pikel
  4939 | Sewer    | Entered a sewer
  5066 | Sewer    | Reached XP level 8. HP: 49/49 MP: 8/8
  5150 | D:6      | Noticed Maggie
  5151 | D:6      | Slain by Maggie

Illustrated notes

Levels and vault maps discovered:
D:1:      sevenhm_arrival_forest_fort_small_3, layout_basic, st_stairs_14
D:2:      layout_loops_corners, minmay_goblin_outpost
D:3:      layout_loops_ring
D:4:      layout_basic, grunt_temple_overflow_lords_of_destruction,
          nicolae_concentric_dashed_squares_wild, minmay_between
D:5:      layout_gridville, minmay_temple_entry_poolview,
          gammafunk_ghost_stat_death, uniq_sigmund
D:6:      layout_rooms, nemelex_dance_club_becter, cheibrodos_sewer_entry_drain,
          uniq_pikel, uniq_maggie

Skill      XL: |  1  2  3  4  5  6  7 |
---------------+----------------------+-----
Long Blades    | 3 4 5 |  5.8
Fighting       | 4 5 |  5.0
Armour         | 3 4 |  4.9
Dodging        | 2 3 |  3.2
Stealth        | 1 |  1.1

Action                     |  1- 3 |  4- 6 |  7- 9 || total
---------------------------+-------+-------+-------++-------
  Melee: Falchion          |   195 |   120 |   168 ||   483
         Punch             |     2 |     3 |       ||     5
 Invoke: Berserk           |       |     4 |     3 ||     7
    Use: Scroll            |     4 |       |     6 ||    10
         Potion            |       |       |     4 ||     4
 Armour: Ring mail         |    75 |    56 |   198 ||   329
         Animal skin       |     4 |       |       ||     4
  Dodge: Dodged            |   124 |    59 |   191 ||   374

Table legend: (Time is in decaauts)
 A = Elapsed time spent in this place.
 B = Non-inter-level travel time spent in this place.
 C = Inter-level travel time spent in this place.
 D = Time resting spent in this place.
 E = Time spent auto-exploring this place.
 F = Levels seen in this place.
 G = Mean time per level.
                   A        B        C        D        E       F      G
               +--------+--------+--------+--------+--------+-----+--------+
         Total |   5271 |   5231 |     40 |    498 |   3107 |   7 |  753.0 |
       Dungeon |   5053 |   5013 |     40 |    436 |   3081 |   6 |  842.2 |
         Sewer |    218 |    218 |      0 |     62 |     26 |   1 |  218.0 |
               +--------+--------+--------+--------+--------+-----+--------+

Top non-repeatable levels by time:
     D:4: 1209 daAuts
     D:1: 1122 daAuts
     D:5: 1020 daAuts
     D:2: 841 daAuts
     D:3: 790 daAuts
   Sewer: 218 daAuts
     D:6: 68 daAuts
